 Dungeon Crawl Stone Soup version 0.27-a0-1278-g6cbc8dfb29 (webtiles) character file.

Game seed: 11656322671164212375

558 wakim the Cudgeller (level 7, -6/102 HPs)
             Began as a Troll Berserker on June 12, 2021.
             Was a Priest of Trog.
             Mangled by a two-headed ogre (21 damage)
             ... on level 5 of the Dungeon.
             The game lasted 00:08:42 (3209 turns).

wakim the Cudgeller (Troll Berserker)               Turns: 3209, Time: 00:08:42

Health: -6/102     AC:  4    Str: 27    XL:     7   Next: 9%
Magic:  6/6        EV: 10    Int:  4    God:    Trog [***...]
Gold:   188        SH:  0    Dex:  9    Spells: 6/6 levels left

rFire    . . .     SeeInvis .   a - +0 flail
rCold    . . .     Faith    .   (no shield)
rNeg     . . .     Spirit   .   b - +0 animal skin
rPois    .         Reflect  .   (helmet restricted)
rElec    .         Harm     .   (no cloak)
rCorr    .         Rampage  .   (gloves unavailable)
Will     ++...                  (boots unavailable)
Stlth    ..........             (no amulet)
HPRegen  2.27/turn              (no ring)
MPRegen  0.10/turn              (no ring)

@: berserking (expiring), strong-willed, regenerating, very quick
A: large, unfitting armour, claws 3, regeneration 1, shaggy fur 1, tough skin 1
a: Renounce Religion, Berserk, Trog's Hand


You were on level 5 of the Dungeon.
You worshipped Trog.
Trog was most pleased with you.
You visited 1 branch of the dungeon, and saw 5 of its levels.

You collected 188 gold pieces.

Inventory:

Hand Weapons
 a - a +0 flail (weapon)
 h - a +1 mace
Missiles
 e - 16 poisoned darts (quivered)
Armour
 b - a +0 animal skin (worn)
Wands
 w - a wand of acid (10)
Scrolls
 T - a scroll of teleportation
 U - a scroll of fear
Potions
 c - a potion of flight {unknown}
 d - a potion of magic {unknown}
 f - 2 potions of heal wounds {unknown}
 g - a potion of brilliance {unknown}
 j - a potion of curing {unknown}
 L - 4 potions of lignification {!q}


   Skills:
 + Level 3.7 Fighting
 * Level 5.1 Maces & Flails
 * Level 4.6 Dodging


You had 6 spell levels left.
You didn't know any spells.
Your spell library was empty.

Dungeon Overview and Level Annotations

Branches:
Dungeon (5/15)
 Temple: D:4-7

Altars:


Innate Abilities, Weirdness & Mutations

You are too large for most types of armour.
You have claws for hands.
Your natural rate of healing is unusually fast.
You are covered in fur. (AC +1)
You have tough skin. (AC +1)


Message History

You don't know any spells.
Unknown command.
You don't know any spells.
Unknown command.
A red film seems to cover your vision as you go berserk!
You feel yourself moving faster!
You feel mighty!
You thump the ogre!
The ogre is heavily wounded.
The ogre closely misses you.
You thump the ogre!
The ogre is almost dead.
You sock the two-headed ogre!
The two-headed ogre is moderately wounded.
You barely miss the two-headed ogre.
The two-headed ogre is moderately wounded.
You hit the two-headed ogre.
The two-headed ogre is moderately wounded.
The two-headed ogre hits you with a +0 giant club.
The two-headed ogre hits you with a +0 giant spiked club!!
You thump the two-headed ogre!
The two-headed ogre is heavily wounded.
You barely miss the two-headed ogre.
The two-headed ogre is heavily wounded.
The two-headed ogre closely misses you.
The two-headed ogre hits you with a +0 giant spiked club!!
* * * LOW HITPOINT WARNING * * *
You thump the two-headed ogre!
The two-headed ogre is severely wounded.
The two-headed ogre hits you with a +0 giant club.
* * * LOW HITPOINT WARNING * * *
The two-headed ogre hits you with a +0 giant spiked club!
* * * LOW HITPOINT WARNING * * *
You barely miss the two-headed ogre.
The two-headed ogre is severely wounded.
You closely miss the two-headed ogre.
The two-headed ogre is severely wounded.
The two-headed ogre hits you with a +0 giant club!!
* * * LOW HITPOINT WARNING * * *
The two-headed ogre hits you with a +0 giant spiked club!!
You die...

#.................#
#.#####...........#
#..........^....########## ##
#.##............)......... ..
#..#.....######........... .
#.######## #...........
#.#...#... # #..........)
#####.###.#.#####.#######.###.##
.............OO@................
####[.....######.###########.##
#......# # #####.# #......#
###+### #.....# #......# #.....#
#.##### #......# #.....# #.##.#
#......# #.....# #....# ###...##
##.....########.#
#...####............<#.#


You could see a two-headed ogre and an ogre.

Vanquished Creatures
  An orc warrior (D:4)
  A black bear (D:4)
  A phantom (D:4)
  2 hounds
  Jessica (D:2)
  2 orc wizards (D:4)
  2 adders
  5 worms
  6 dart slugs
  11 orcs
  7 bats
  5 endoplasms
  5 giant cockroaches
  6 goblins
  10 hobgoblins
  19 jackals
  5 kobolds
  6 quokkas
  5 ball pythons
  A frilled lizard (D:3)
  6 rats
107 creatures vanquished.

Vanquished Creatures (others)
  6 plants (D:1)
  15 withered plants (D:1)
21 creatures vanquished.

Grand Total: 128 creatures vanquished

Notes
Turn   | Place    | Note
-------+----------+-------------------------------------------
     0 | D:1      | wakim the Troll Berserker began the quest for the Orb.
     0 | D:1      | Reached XP level 1. HP: 22/22 MP: 0/0
   225 | D:1      | Reached XP level 2. HP: 29/29 MP: 1/1
   414 | D:1      | Reached skill level 3 in Maces & Flails
   668 | D:1      | Reached XP level 3. HP: 36/36 MP: 2/2
   958 | D:1      | Reached ** piety under Trog
  1093 | D:1      | Found a faded altar of an unknown god.
  1415 | D:2      | Noticed Jessica
  1428 | D:2      | Reached XP level 4. HP: 27/44 MP: 3/3
  1429 | D:2      | Killed Jessica
  1888 | D:3      | Reached XP level 5. HP: 41/53 MP: 4/4
  1935 | D:3      | Reached *** piety under Trog
  2154 | D:4      | Noticed an orc warrior
  2171 | D:4      | Killed an orc warrior
  2172 | D:4      | Reached skill level 4 in Maces & Flails
  2176 | D:4      | Reached XP level 6. HP: 52/61 MP: 5/5
  2810 | D:4      | Reached skill level 5 in Maces & Flails
  2810 | D:4      | Reached XP level 7. HP: 55/67 MP: 6/6
  3054 | D:5      | Entered Level 5 of the Dungeon
  3189 | D:5      | Noticed a two-headed ogre
  3209 | D:5      | Mangled by a two-headed ogre

Illustrated notes

Levels and vault maps discovered:
D:1:      dpeg_arrival_long_road, layout_basic,
          shapermc_ecumenical_altar_flowoftime, chequers_serial_rivers_large_a
D:2:      layout_rooms, uniq_jessica
D:3:      layout_rooms
D:4:      layout_loops_ring, roderic_lattice_a
D:5:      layout_basic

Skill      XL: |  1  2  3  4  5  6 |
---------------+-------------------+-----
Maces & Flails | 3 4 5 |  5.1
Dodging        | 3 4 |  4.6
Fighting       | 3 |  3.7

Action                   |  1- 3 |  4- 6 |  7- 9 || total
-------------------------+-------+-------+-------++-------
Melee: Mace              |   154 |   114 |       ||   268
       Flail             |       |    84 |    23 ||   107
Throw: Dart              |       |     1 |       ||     1
Invok: Berserk           |     1 |     3 |     1 ||     5
       Trog's Hand       |     1 |     3 |     1 ||     5
  Use: Scroll            |     1 |     6 |     1 ||     8
 Stab: Sleeping          |     1 |       |       ||     1
Armor: Animal skin       |    51 |    67 |     5 ||   123
Dodge: Dodged            |    87 |   126 |    11 ||   224

Table legend: (Time is in decaauts)
 A = Elapsed time spent in this place.
 B = Non-inter-level travel time spent in this place.
 C = Inter-level travel time spent in this place.
 D = Time resting spent in this place.
 E = Time spent auto-exploring this place.
 F = Levels seen in this place.
 G = Mean time per level.
                   A        B        C        D        E       F      G
               +--------+--------+--------+--------+--------+-----+--------+
         Total |   3325 |   3154 |    171 |     20 |   2298 |   5 |  665.0 |
       Dungeon |   3325 |   3154 |    171 |     20 |   2298 |   5 |  665.0 |
               +--------+--------+--------+--------+--------+-----+--------+

Top non-repeatable levels by time:
     D:1: 1327 daAuts
     D:4: 980 daAuts
     D:2: 454 daAuts
     D:3: 409 daAuts
     D:5: 154 daAuts
